Map: Zona del Vuoto

Players

FirstEmpire

  • Race: Terran Terran

HoRuS

  • Race: Zerg Zerg
  • League: Silver

ixorion

  • Race: Protoss Protoss
  • League: Bronze

SmartVader

  • Race: Protoss Protoss

evobus

  • Race: Protoss Protoss

стелсик

  • Race: Protoss Protoss

Nixpus

  • Race: Zerg Zerg
  • League: Silver

Jhyrachy

  • Race: Zerg Zerg
  • League: Gold

VOD

Have the link to the VOD?

Description

Time

  • Played on: May 26, 2016, 2:54 p.m.
  • Length: 8:42
Show
View Real Time Build Order
Export as new Build Order

FirstEmpire Terran 

Build Orders:  

Get SALT Encoding   

  12  0:09  SCV  
  13  0:21  SCV  
  14  0:31  Supply Depot  
  14  0:34  SCV  
  15  0:53  SCV  
  16  0:57  Barracks  
  16  1:08  Barracks  
  16  1:10  SCV  
  17  1:16  Refinery  
  17  1:22  SCV  
  18  1:32  Barracks  
  18  1:34  SCV  
  19  1:46  SCV  
  20  1:53  Barracks  
  20  1:57  Marine x2  
  22  2:05  Barracks  
  22  2:10  Orbital Command  
  22  2:29  Supply Depot  
  22  2:36  SCV  
  23  2:51  Marine x4  
  27  2:56  Supply Depot  
  27  3:05  Marine  
  27  3:11  SCV  
  29  3:21  Factory  
  29  3:22  Marine x4  
  33  3:32  Supply Depot  
  33  3:33  Marine  
  34  3:40  Marine x2  
  36  3:56  Marine x3  
  39  4:04  Marine x2  
  39  4:07  Factory Reactor  
  41  4:13  Marine  
  41  4:14  Marine x2  
  41  4:16  SCV  
  45  4:21  Marine  
  46  4:26  Command Center  
  46  4:33  Marine  
  47  4:43  Supply Depot  
  47  5:04  Marine x4  
  51  5:21  Marine  
  49  5:22  Marine x4  
  53  5:39  Marine x5  
  45  6:17  Marine  
  45  6:18  Marine x4  
  49  6:35  Marine x2  
  49  6:36  Marine x3  
  54  6:53  Marine x4  
  53  7:02  Marine  
  54  7:11  Marine x4  
  53  7:20  Marine  
  54  7:29  Marine x4  
  57  7:38  Marine  
  58  7:46  Marine  
  53  8:01  Marine x4  
  53  8:04  Marine  
Show
View Real Time Build Order
Export as new Build Order

HoRuS Zerg 

Build Orders: Pool First, Zergling Baneling 

Get SALT Encoding   

  12  0:02  Drone  
  13  0:16  Drone  
  14  0:24  Extractor  
  14  0:25  Extractor, Drone  
  14  0:26  Drone  
  16  0:42  Spawning Pool  
  15  1:01  Overlord  
  15  1:20  Drone  
  15  1:21  Drone x2  
  18  1:30  Queen  
  20  1:34  Zergling x2  
  21  1:46  Zergling x2  
  22  1:58  Hatchery  
  21  2:06  Zergling x2  
  22  2:10  Overlord  
  22  2:33  Extractor  
  21  2:46  Extractor  
  20  3:01  Drone x3  
  23  3:43  Baneling Nest  
  22  3:56  Zergling x8  
  22  3:57  Zergling x10  
  22  3:58  Zergling x4  
  33  4:10  Metabolic Boost  
  33  4:29  Lair  
  33  4:34  Baneling x2  
  33  4:35  Baneling  
  33  4:36  Baneling x2  
  33  4:37  Baneling x2  
  33  4:39  Baneling  
  19  5:23  Zergling x12  
  19  5:24  Zergling x12  
  19  5:25  Zergling x6  
  34  5:31  Centrifical Hooks  
  32  6:23  Zergling x6  
  32  6:24  Zergling x2  
  35  6:26  Overlord x5  
  34  6:47  Zergling x10  
  35  7:07  Baneling x2  
  35  7:08  Baneling x6  
  35  7:09  Baneling x6  
  35  7:13  Zergling x10  
  35  7:14  Zergling x4  
Show
View Real Time Build Order
Export as new Build Order

ixorion Protoss 

Build Orders:  

Get SALT Encoding   

  12  0:02  Probe (Chrono Boost)  
  13  0:13  Probe (Chrono Boost)  
  14  0:21  Pylon  
  14  0:26  Probe (Chrono Boost)  
  15  0:32  Assimilator  
  15  0:40  Probe (Chrono Boost)  
  16  0:50  Probe (Chrono Boost)  
  17  1:01  Probe (Chrono Boost), Gateway  
  18  1:06  Forge  
  18  1:15  Pylon  
  18  1:17  Probe (Chrono Boost)  
  19  1:27  Probe (Chrono Boost)  
  20  1:46  Gateway  
  20  2:11  Cybernetics Core  
  20  2:14  Zealot  
  22  2:49  Warp Gate (Chrono Boost)  
  22  2:55  Stalker  
  24  3:14  Assimilator  
  24  3:35  Stalker x2  
  28  3:58  Mothership Core  
  30  4:21  Pylon  
  30  4:23  Pylon  
  30  4:26  Pylon  
  30  4:30  Pylon  
  30  4:34  Pylon  
  30  4:36  Stargate  
  30  5:03  Probe  
  31  5:13  Pylon  
  31  5:15  Probe  
  31  5:18  Robotics Facility  
  32  5:24  Twilight Council  
  32  5:33  Gateway  
  32  5:35  Gateway  
  32  5:39  Gateway  
  32  5:40  Gateway  
  32  5:41  Gateway  
  32  5:50  Protoss Shields Level 1 (Chrono Boost)  
  32  6:30  Zealot  
  32  6:32  Zealot  
  36  6:48  Void Ray  
  40  7:09  Zealot x3  
  40  7:10  Zealot x4  
  54  7:31  Void Ray  
  44  7:58  Stalker x3  
  46  7:59  Stalker x2  
  46  8:00  Stalker  
  46  8:01  Stalker  
  58  8:39  Stalker x3  
Show
View Real Time Build Order
Export as new Build Order

SmartVader Protoss 

Build Orders:  

Get SALT Encoding   

  12  0:04  Probe (Chrono Boost)  
  13  0:14  Probe (Chrono Boost)  
  14  0:25  Probe (Chrono Boost)  
  15  0:29  Pylon  
  15  0:48  Probe (Chrono Boost)  
  16  0:50  Forge  
  16  0:58  Probe (Chrono Boost)  
  17  1:10  Probe (Chrono Boost)  
  18  1:21  Probe (Chrono Boost)  
  18  1:24  Photon Cannon  
  19  1:29  Photon Cannon  
  19  1:31  Probe (Chrono Boost)  
  20  1:49  Pylon  
  20  2:04  Nexus  
  20  2:21  Photon Cannon  
  20  2:25  Pylon  
  20  2:30  Pylon  
  20  2:32  Pylon  
  20  2:34  Probe (Chrono Boost)  
  20  2:35  Assimilator  
  21  2:40  Assimilator  
  21  2:45  Probe (Chrono Boost)  
  22  2:55  Probe (Chrono Boost)  
  22  2:56  Gateway  
  23  3:14  Photon Cannon  
  23  3:18  Pylon  
  23  3:21  Probe (Chrono Boost), Pylon  
  23  3:24  Probe (Chrono Boost)  
  25  3:31  Probe (Chrono Boost)  
  26  3:39  Protoss Shields Level 1 (Chrono Boost)  
  26  3:42  Probe (Chrono Boost)  
  26  3:48  Cybernetics Core  
  27  3:59  Probe (Chrono Boost)  
  27  4:00  Photon Cannon  
  28  4:04  Zealot  
  28  4:09  Probe (Chrono Boost)  
  31  4:20  Probe x2 (Chrono Boost)  
  33  4:29  Gateway  
  33  4:30  Probe x2 (Chrono Boost)  
  33  4:31  Warp Gate (Chrono Boost), Gateway  
  35  4:40  Adept  
  37  4:48  Gateway  
  37  4:56  Twilight Council  
  37  5:01  Probe  
  37  5:04  Pylon x2  
  37  5:06  Probe  
  39  5:12  Probe  
  40  5:16  Gateway  
  40  5:18  Probe, Protoss Ground Weapons Level 1 (Chrono Boost)  
  40  5:19  Gateway  
  41  5:37  Dark Shrine  
  41  5:44  Gateway  
  41  5:53  Probe  
  41  5:55  Assimilator  
  41  5:56  Probe  
  41  5:57  Assimilator  
  43  6:05  Probe  
  43  6:08  Probe  
  43  6:10  Pylon  
  45  6:17  Probe  
  46  6:20  Probe  
  47  6:29  Forge  
  47  7:25  Dark Templar  
  47  7:26  Dark Templar x4  
  47  8:02  Stalker  
  47  8:03  Stalker x2  
  47  8:05  Stalker x2  
  51  8:07  Stalker  
  55  8:23  Gateway  
  55  8:29  Stalker  
  55  8:30  Stalker  
  55  8:32  Stalker  
  61  8:40  Dark Templar x3  
Show
View Real Time Build Order
Export as new Build Order

evobus Protoss 

Build Orders:  

Get SALT Encoding   

  12  0:04  Probe (Chrono Boost)  
  13  0:22  Probe (Chrono Boost)  
  14  0:32  Probe (Chrono Boost)  
  15  0:40  Pylon  
  15  0:48  Pylon  
  15  0:57  Assimilator  
  15  0:58  Probe (Chrono Boost)  
  15  1:02  Assimilator  
  16  1:13  Assimilator  
  16  1:25  Assimilator  
  16  2:09  Probe (Chrono Boost), Forge  
  16  2:15  Pylon  
  16  2:20  Probe (Chrono Boost)  
  17  2:30  Probe (Chrono Boost)  
  18  2:41  Probe (Chrono Boost)  
  18  2:43  Photon Cannon  
  19  2:45  Photon Cannon  
  19  2:47  Photon Cannon  
  19  2:51  Probe (Chrono Boost)  
  19  2:52  Photon Cannon  
  19  2:56  Photon Cannon  
  20  3:01  Pylon  
  20  3:02  Probe (Chrono Boost), Pylon  
  22  3:13  Probe (Chrono Boost)  
  22  3:14  Pylon  
  22  3:23  Probe (Chrono Boost)  
  23  3:33  Photon Cannon  
  23  3:34  Probe (Chrono Boost)  
  23  4:06  Assimilator  
  23  4:07  Assimilator  
  23  4:11  Probe (Chrono Boost)  
  23  4:14  Gateway  
  24  4:21  Probe (Chrono Boost)  
  25  4:32  Probe (Chrono Boost)  
  25  4:33  Nexus  
  25  4:35  Assimilator  
  25  4:37  Assimilator  
  26  4:42  Probe (Chrono Boost)  
  27  4:53  Probe (Chrono Boost)  
  28  5:00  Pylon  
  28  5:03  Probe (Chrono Boost)  
  29  5:12  Pylon  
  29  5:20  Pylon  
  29  5:35  Photon Cannon  
  29  5:37  Photon Cannon  
  29  5:43  Photon Cannon  
  29  5:45  Photon Cannon  
  29  5:53  Photon Cannon  
  29  5:55  Photon Cannon  
  29  6:41  Photon Cannon x2  
  29  6:42  Photon Cannon  
  29  6:43  Photon Cannon  
  29  6:44  Photon Cannon  
Show
View Real Time Build Order
Export as new Build Order

стелсик Protoss 

Build Orders: Nexus First 

Get SALT Encoding   

  12  0:02  Probe (Chrono Boost)  
  13  0:13  Probe (Chrono Boost)  
  14  0:23  Probe (Chrono Boost)  
  15  0:55  Nexus  
  15  1:18  Nexus  
  15  1:26  Pylon  
  15  1:34  Assimilator  
  15  1:44  Probe (Chrono Boost)  
  16  1:51  Assimilator  
  16  1:55  Probe (Chrono Boost)  
  17  2:05  Probe (Chrono Boost)  
  18  2:18  Probe (Chrono Boost)  
  19  2:24  Probe (Chrono Boost)  
  19  2:28  Probe (Chrono Boost)  
  21  2:31  Probe (Chrono Boost)  
  21  2:34  Probe (Chrono Boost)  
  23  2:39  Probe (Chrono Boost)  
  23  2:41  Probe (Chrono Boost)  
  25  2:45  Probe (Chrono Boost)  
  26  2:52  Probe (Chrono Boost)  
  26  2:53  Assimilator  
  26  2:55  Probe (Chrono Boost)  
  28  2:58  Assimilator  
  28  3:02  Probe (Chrono Boost)  
  28  3:04  Probe (Chrono Boost)  
  30  3:06  Probe (Chrono Boost)  
  31  3:13  Probe (Chrono Boost)  
  31  3:15  Probe (Chrono Boost)  
  31  3:16  Probe (Chrono Boost)  
  31  3:19  Forge  
  34  3:24  Probe (Chrono Boost)  
  34  3:25  Probe (Chrono Boost)  
  34  3:26  Gateway  
  37  3:27  Probe (Chrono Boost)  
  38  3:34  Probe (Chrono Boost)  
  38  3:36  Probe (Chrono Boost)  
  38  3:37  Probe (Chrono Boost)  
  40  3:42  Assimilator  
  40  3:45  Assimilator  
  40  3:46  Probe (Chrono Boost)  
  40  3:48  Probe x2 (Chrono Boost)  
  43  3:57  Probe (Chrono Boost)  
  43  3:58  Probe (Chrono Boost)  
  43  3:59  Probe (Chrono Boost)  
  43  4:01  Photon Cannon  
  46  4:08  Pylon  
  46  4:09  Probe x2 (Chrono Boost)  
  48  4:13  Probe (Chrono Boost)  
  49  4:20  Probe x2 (Chrono Boost)  
  49  4:23  Probe (Chrono Boost)  
  52  4:27  Cybernetics Core  
  52  4:30  Probe (Chrono Boost)  
  53  4:34  Probe (Chrono Boost), Photon Cannon  
  53  4:37  Photon Cannon  
  54  4:41  Pylon  
  54  4:44  Probe (Chrono Boost)  
  55  4:49  Probe (Chrono Boost)  
  57  4:52  Probe (Chrono Boost)  
  57  4:55  Probe (Chrono Boost)  
  57  4:59  Probe (Chrono Boost)  
  59  5:03  Probe (Chrono Boost)  
  59  5:06  Probe (Chrono Boost)  
  61  5:07  Stargate  
  61  5:10  Probe (Chrono Boost), Stargate  
  61  5:13  Probe (Chrono Boost)  
  63  5:15  Photon Cannon  
  63  5:19  Photon Cannon  
  63  5:20  Photon Cannon  
  61  5:22  Probe (Chrono Boost)  
  61  5:23  Pylon  
  61  5:24  Probe (Chrono Boost)  
  57  5:32  Pylon  
  57  5:33  Probe (Chrono Boost)  
  57  5:35  Probe (Chrono Boost)  
  47  5:48  Protoss Shields Level 1  
  47  5:57  Gateway  
  46  6:13  Nexus  
  46  6:19  Pylon  
  46  6:38  Photon Cannon  
  46  6:42  Photon Cannon  
  46  6:45  Photon Cannon  
  46  6:48  Cybernetics Core  
  46  6:56  Photon Cannon  
  46  7:04  Photon Cannon  
  46  7:07  Pylon  
  46  7:13  Photon Cannon  
  46  7:24  Photon Cannon  
  46  7:27  Probe (Chrono Boost)  
  47  7:33  Stargate  
  47  7:37  Probe (Chrono Boost), Stargate  
  47  7:39  Stargate  
  47  7:41  Stargate  
  48  7:45  Pylon  
  48  7:48  Probe (Chrono Boost)  
  49  7:58  Probe (Chrono Boost)  
  29  8:06  Photon Cannon  
  25  8:14  Mothership Core (Chrono Boost)  
  14  8:31  Photon Cannon  
  22  8:36  Photon Cannon  
Show
View Real Time Build Order
Export as new Build Order

Nixpus Zerg 

Build Orders: Pool First 

Get SALT Encoding   

  12  0:02  Drone  
  13  0:10  Drone  
  14  0:18  Overlord  
  14  0:28  Extractor  
  14  0:29  Drone  
  14  0:44  Drone x2  
  16  0:57  Spawning Pool  
  16  0:58  Drone x2  
  17  1:10  Drone  
  18  1:44  Zergling x6  
  21  1:47  Metabolic Boost  
  21  2:05  Queen, Spine Crawler  
  21  2:07  Overlord  
  22  2:36  Hatchery  
  20  2:59  Drone x2  
  20  3:00  Drone  
  23  3:12  Drone  
  24  3:20  Roach Warren  
  24  3:25  Drone  
  24  3:30  Queen  
  26  3:45  Extractor  
  26  3:47  Drone x4  
  29  3:49  Drone  
  30  3:57  Spore Crawler  
  30  4:00  Drone  
  30  4:01  Drone  
  30  4:02  Queen  
  33  4:10  Lair  
  33  4:24  Drone x3  
  33  4:26  Overlord x2  
  36  4:37  Evolution Chamber  
  35  4:38  Drone  
  35  4:44  Drone x3  
  35  4:45  Drone  
  40  5:05  Drone x3  
  40  5:06  Drone  
  44  5:12  Hydralisk Den  
  44  5:13  Zerg Missile Weapons Level 1  
  43  5:17  Drone x3  
  46  5:44  Extractor, Hydralisk x3  
  46  5:46  Overlord x3, Extractor  
  50  6:07  Hydralisk  
  50  6:08  Hydralisk x8  
  50  6:09  Hydralisk  
  70  6:13  Lurker Den  
  70  6:25  Hydralisk  
  72  6:40  Hydralisk x2  
  72  6:42  Overlord x4  
  76  6:59  Hydralisk  
  76  7:00  Hydralisk x4  
  86  7:05  Overseer  
  86  7:09  Pneumatized Carapace  
  86  7:28  Hydralisk x4  
  94  7:30  Roach  
  94  7:31  Zergling x2  
  94  7:32  Zergling x4  
  65  8:04  Hydralisk x6  
  75  8:17  Lurker  
Show
View Real Time Build Order
Export as new Build Order

Jhyrachy Zerg 

Build Orders: Hatch First 

Get SALT Encoding   

  12  0:03  Drone  
  13  0:09  Drone  
  14  0:23  Extractor  
  14  0:24  Extractor  
  14  0:25  Drone x2  
  16  0:51  Overlord  
  16  1:08  Hatchery  
  16  1:11  Drone  
  16  1:14  Spawning Pool  
  16  1:15  Drone  
  16  1:17  Extractor, Drone  
  16  1:34  Drone x2  
  18  1:46  Drone  
  19  1:56  Overlord  
  19  2:06  Queen  
  21  2:18  Drone x2  
  21  2:22  Queen, Extractor  
  22  2:24  Drone  
  22  2:27  Overlord  
  25  2:41  Metabolic Boost  
  25  2:51  Drone x2  
  25  2:55  Drone  
  25  2:56  Drone x2  
  30  3:23  Drone x2  
  32  3:27  Lair  
  32  3:29  Zergling x4  
  32  3:30  Zergling x4  
  32  3:33  Evolution Chamber  
  35  3:35  Evolution Chamber  
  34  3:44  Drone x4  
  38  3:56  Roach Warren  
  38  3:58  Drone x2  
  38  3:59  Zergling x4, Drone  
  38  4:00  Zergling x2  
  38  4:02  Zerg Ground Armor Level 1  
  43  4:08  Drone  
  44  4:10  Overlord  
  44  4:18  Zerg Missile Weapons Level 1  
  44  4:36  Hydralisk Den  
  44  4:46  Extractor, Drone x4  
  44  4:47  Drone x2  
  44  4:50  Extractor  
  44  4:51  Spire  
  47  4:55  Drone  
  41  5:21  Spine Crawler  
  41  5:23  Hydralisk x2  
  41  5:24  Spine Crawler  
  41  5:28  Overlord x3  
  43  5:36  Spine Crawler  
  43  5:41  Overlord x2, Spine Crawler  
  41  5:46  Drone x3  
  34  6:35  Hydralisk Den  
  33  6:51  Mutalisk  
  33  6:52  Mutalisk x2  
  39  7:06  Spawning Pool  
  38  7:15  Drone  
  39  7:16  Drone x9  
  48  8:07  Spine Crawler  
  48  8:08  Hatchery  
  46  8:13  Spine Crawler x2  
  46  8:17  Spine Crawler  
  46  8:19  Spine Crawler  
  42  8:21  Spine Crawler  
  41  8:27  Spine Crawler  
Tags
 
Add a new tag
Caveats
  • Supply blocks, unpowered buildings, or Contaminate may cause inaccurate times.
  • Supply counts are checked every 10 seconds.